 Dungeon Crawl Stone Soup version 0.30-b1-2-g02819fbbbe (webtiles) character file.

Game seed: 15392542695523407104

2459 LLlMATKO the Trooper (level 9, -8/120 HPs)
             Began as a Minotaur Berserker on Aug 9, 2023.
             Was a Priest of Trog.
             Mangled by Prince Ribbit (10 damage)
             ... on level 7 of the Dungeon.
             The game lasted 00:04:52 (7874 turns).

LLlMATKO the Trooper (Minotaur Berserker)           Turns: 7874, Time: 00:04:53

Health: -8/120     AC: 15    Str: 26    XL:     9   Next: 26%
Magic:  8/8        EV:  8    Int:  4    God:    Trog [***...]
Gold:   270        SH: 11    Dex: 10    Spells: 8/8 levels left

rFire   . . .        B - +0 broad axe (elec)
rCold   . . .        s - +2 kite shield
rNeg    . . .        u - +0 plate armour
rPois   .            (helmet restricted)
rElec   .            J - +0 cloak
rCorr   .            (no gloves)
SInv    .            j - +0 pair of boots
Will    .....        (no amulet) Stlth
                     (no ring)
HPRegen 0.40/turn    (no ring)
MPRegen 0.11/turn

%: no passive effects
@: berserking, lethally poisoned (-8 -> -24), very quick
A: horns 2, retaliatory headbutt
a: Renounce Religion, Berserk, Trog's Hand


You were on level 7 of the Dungeon.
You worshipped Trog.
Trog was most pleased with you.
You visited 1 branch of the dungeon, and saw 7 of its levels.

You collected 270 gold pieces.

Inventory:

Hand Weapons
 B - a +0 broad axe of electrocution (weapon)
 G - a +1 heavy scythe
 I - the +8 trident of the Octopus King {venom, rElec rPois}
   (You found it on level 6 of the Dungeon)

   rElec:     It insulates you from electricity.
   rPois:     It protects you from poison.
Missiles
 i - 5 silver javelins (quivered)
 t - 5 poisoned darts
 x - 4 boomerangs of dispersal
 F - 4 atropa-tipped darts
Armour
 j - a +0 pair of boots (worn)
 m - a +1 ring mail of cold resistance
 s - a +2 kite shield (worn)
 u - a +0 plate armour (worn)
 J - a +0 cloak (worn)
Jewellery
 h - an amulet of the acrobat
 E - a ring of flight
Wands
 k - a wand of flame (11)
 y - a wand of iceblast (7)
Scrolls
 b - 4 scrolls of identify {unknown}
 d - a scroll of magic mapping {unknown}
 e - 2 scrolls of brand weapon {unknown}
 f - 3 scrolls of enchant armour {unknown}
 g - 2 scrolls of enchant weapon {unknown}
 n - a scroll of noise {unknown}
 q - 10 scrolls of teleportation {unknown}
 v - a scroll of fear {unknown}
 w - 2 scrolls of blinking {unknown}
 z - a scroll of poison {unknown}
 D - a scroll of fog {unknown}
Potions
 a - 2 potions of mutation {unknown}
 c - 2 potions of ambrosia {unknown}
 l - a potion of cancellation {unknown}
 o - 2 potions of flight {unknown}
 p - 3 potions of brilliance {unknown}
 r - 4 potions of heal wounds {unknown}
 A - 5 potions of degeneration {unknown}
 C - 2 potions of curing
 H - a potion of might {unknown}


   Skills:
 + Level 7.7 Fighting
 + Level 7.7 Axes
 + Level 7.2 Armour
 + Level 6.6 Dodging
 + Level 5.8 Shields


You had 8 spell levels left.
You didn't know any spells.
Your spell library was empty.

Dungeon Overview and Level Annotations

Branches:
Dungeon (7/15)             Temple (0/1) D:5

Altars:
Ashenzari
Fedhas
Hepliaklqana
Qazlal
Xom
Yredelemnul

Shops:
D:2 :

Annotations:
D:7 Prince Ribbit


Innate Abilities, Weirdness & Mutations

You have a pair of horns on your head.
You reflexively headbutt those who attack you in melee.


Message History

Unknown command.
You bump into the rock wall.
You feel sick.
The wyvern bites you but does no damage.
Prince Ribbit says, "You're just another fly to me."
You hear some strange, mumbled words.
Something tries to affect you, but you resist.
Unknown command.
You miss something. You closely miss Prince Ribbit.
You closely miss the wyvern.
You feel less confused.
You feel sick. The wyvern barely misses you.
Prince Ribbit hits you but does no damage.
The wyvern bites you.
* * * LOW HITPOINT WARNING * * *
Something hits you but does no damage.
You are more poisoned.
You hit Prince Ribbit. Your headbutt misses Prince Ribbit.
Prince Ribbit is lightly wounded.
You miss something. You barely miss the wyvern.
You feel very sick. Prince Ribbit hits you!
* * * LOW HITPOINT WARNING * * *
The wyvern completely misses you.
An orc priest comes into view. It is wielding a +0 hand axe.
You block Prince Ribbit's attack. Something hits you but does no damage.
You are lethally poisoned!
The wyvern bites you but does no damage.
A red film seems to cover your vision as you go berserk!
You feel yourself moving faster!
You feel mighty!
You can no longer call in reinforcements.
* * * LOW HITPOINT WARNING * * *
You feel very sick.
The orc priest shouts!
Prince Ribbit hits you!
* * * LOW HITPOINT WARNING * * *
You block the wyvern's attack.
You hear some strange, mumbled words.
Something tries to affect you, but you resist.
Prince Ribbit hits you!
You die...

#.......<.#
#.########....###...
#####.)...#
#.......).....# ...
#))...#
#.######......# ...
#.....# #.#
#.#..........
#.....#
########......#.....
# #.....#
#...##.#..........
#.##.....#
#...##...........
#......####
#...##<........#.
###.......##
#@F.#.......##.#
####.##..###{l.#.##
#.###..#.).....# #.#
##...)~.§..# #.#
#.#..§§.§.# #.#
#...~._≈§.# ..#
##..~.§..o# ###
##.~~.....#
#.......?#


You could see Prince Ribbit, a wyvern and an orc priest.

Vanquished Creatures
  Sigmund (D:5)
  A shadow (D:5)
  2 wyverns (D:7)
  A water moccasin (D:5)
  2 sky beasts (D:6)
  A black bear (D:5)
  2 ogres
  3 centaurs
  A phantom (D:6)
  2 bullfrogs (D:7)
  5 scorpions
  A jelly (D:4)
  A sleepcap (D:4)
  An iguana (D:6)
  Jessica (D:3)
  3 hounds
  Natasha (thrice) (D:3)
  Ijyb (D:5)
  3 orc wizards
  8 gnolls
  8 adders
  An ufetubus (D:6)
  2 worms (D:2)
  3 dart slugs
  19 orcs
  15 ball pythons
  6 bats
  5 endoplasms (D:1)
  2 giant cockroaches
  5 hobgoblins
  7 jackals
  10 kobolds
  3 quokkas
  7 goblins
  6 rats
142 creatures vanquished.

Vanquished Creatures (others)
  12 plants
  2 withered plants (D:5)
14 creatures vanquished.

Grand Total: 156 creatures vanquished

Notes
Turn   | Place    | Note
-------+----------+-------------------------------------------
     0 | D:1      | LLlMATKO the Minotaur Berserker began the quest for the
                  | Orb.
     0 | D:1      | Reached XP level 1. HP: 19/19 MP: 0/0
   160 | D:1      | Reached XP level 2. HP: 23/27 MP: 1/1
   382 | D:1      | Reached ** piety under Trog
   419 | D:1      | Reached XP level 3. HP: 29/33 MP: 2/2
  1136 | D:2      | Found Biyrch's Book Emporium.
  1886 | D:3      | Noticed Jessica
  1889 | D:3      | Killed Jessica
  1890 | D:3      | Reached XP level 4. HP: 41/41 MP: 3/3
  1891 | D:3      | Found a broken altar of Ashenzari.
  2096 | D:3      | Found a shimmering altar of Xom.
  2113 | D:3      | Reached XP level 5. HP: 47/47 MP: 4/4
  2211 | D:3      | Reached *** piety under Trog
  2534 | D:3      | Noticed Natasha
  2539 | D:3      | Killed Natasha
  2721 | D:3      | Found a hazy altar of Hepliaklqana.
  2972 | D:3      | Noticed Natasha
  2979 | D:3      | Killed Natasha
  2980 | D:3      | Reached skill level 5 in Fighting
  2980 | D:3      | Reached skill level 1 in Shields
  3242 | D:3      | Found a shimmering altar of Xom.
  3279 | D:3      | Found a broken altar of Ashenzari.
  3282 | D:3      | Noticed Natasha
  3288 | D:3      | Killed Natasha
  3506 | D:3      | Found a hazy altar of Hepliaklqana.
  3945 | D:3      | Found a shimmering altar of Xom.
  4214 | D:3      | Found a broken altar of Ashenzari.
  4640 | D:4      | Reached skill level 5 in Axes
  4640 | D:4      | Reached XP level 6. HP: 55/56 MP: 5/5
  5446 | D:4      | Reached XP level 7. HP: 60/61 MP: 6/6
  6189 | D:5      | Entered Level 5 of the Dungeon
  6189 | D:5      | Noticed Ijyb
  6189 | D:5      | Found a blossoming altar of Fedhas.
  6197 | D:5      | Killed Ijyb
  6213 | D:5      | Reached skill level 5 in Armour
  6393 | D:5      | Reached skill level 5 in Dodging
  6533 | D:5      | Reached XP level 8. HP: 46/70 MP: 7/7
  6716 | D:5      | Found a staircase to the Ecumenical Temple.
  6755 | D:5      | Found a basalt altar of Yredelemnul.
  6756 | D:5      | Noticed Sigmund
  6766 | D:5      | Killed Sigmund
  7131 | D:6      | Reached skill level 5 in Shields
  7365 | D:6      | Found the +8 trident of the Octopus King {venom, rElec
                  | rPois}
  7376 | D:6      | Reached XP level 9. HP: 78/79 MP: 8/8
  7615 | D:7      | Reached **** piety under Trog
  7735 | D:7      | Noticed Prince Ribbit
  7853 | D:7      | Found a stormy altar of Qazlal.
  7874 | D:7      | HP: 2/120 [Prince Ribbit (9)]
  7874 | D:7      | Mangled by Prince Ribbit

Illustrated notes

Levels and vault maps discovered:
D:1:      minmay_arrival_widening_spiral_wide, layout_basic, minmay_pentomino_x2
D:2:      layout_loops_ring, serial_shops, nicolae_book_shop_shelving
D:3:      minmay_inner_zag, layout_loops_ring,
          worldfamousw_hep_ancestral_shrine, cheibrodos_ashenzari_chains,
          mainiacjoe_overflow_cross_hatched, chequers_serial_rivers_small_3,
          minmay_shallow_snake_nest, uniq_jessica, uniq_natasha
D:4:      layout_loops_cross, nicolae_grassy_gnolls
D:5:      layout_cave_pools, fedhas_bush_and_centaur_altar,
          yredelemnul_altar_generic, minmay_temple_entry_hall,
          serial_bayou_ford_a, nicolae_nh_ransacked_shop, uniq_sigmund,
          uniq_ijyb
D:6:      layout_rooms, st_stairs_1, kennysheep_doodads
D:7:      layout_basic, grunt_temple_overflow_lords_of_destruction, minitemple,
          nicolae_qazlal_scattered_showers, amcnicky_altar_gilded,
          uniq_prince_ribbit1, uniq_joseph

Skill      XL: |  1  2  3  4  5  6  7  8  9 |
---------------+----------------------------+-----
Fighting       | 4 5 6 7 |  7.7
Axes           | 4 5 6 7 |  7.7
Armour         | 3 4 5 6 7 |  7.2
Dodging        | 3 4 5 6 |  6.6
Shields        | 1 2 3 5 |  5.8

Action                     |  1- 3 |  4- 6 |  7- 9 || total
---------------------------+-------+-------+-------++-------
  Melee: Hand axe          |    69 |   143 |       ||   212
         Headbutt          |    10 |    18 |    18 ||    46
         Broad axe         |       |       |   127 ||   127
  Throw: Javelin           |     3 |       |       ||     3
 Invoke: Berserk           |       |     3 |     5 ||     8
         Trog's Hand       |       |       |     1 ||     1
   Stab: Sleeping          |     1 |       |       ||     1
 Armour: Animal skin       |    10 |       |       ||    10
         Ring mail         |     9 |    20 |       ||    29
         Plate armour      |       |    44 |   149 ||   193
  Dodge: Dodged            |    48 |    62 |    56 ||   166
  Block: Kite shield       |       |    48 |    99 ||   147
